Tigers vs Admirals

Created - Thursday, November 13, 2014 at 22:41

Goals
1 2 3 OT1 SO T
Tigers 0 1 0 0 0 1
Admirals 1 0 0 0 1 2
Shots
1 2 3 OT1 SO T
Tigers 10 5 12 1 3 28
Admirals 6 9 8 7 2 30

1st period

1. Admirals , Mike Sislo 5 (Darryl Boyce, Cade Fairchild) at 14:38

Penalties :
Nolan Yonkman (BRI) for Slashing (Minor) at 4:01, Nathan McIver (NOR) for Interference (Minor) at 8:33

2nd period

2. Tigers , Anthony Peluso 3 (Toby Petersen, Adam Comrie) at 19:50

Penalties :
No Penalty

3rd period

No Goal

Penalties :
Alex Grant (NOR) for Diving (Minor) at 0:08, Scott Ford (NOR) for High sticking (Minor) at 4:02

Overtime #1

No Goal

Penalties :
No Penalty

Shootout

Penalty Shot by Alexander Khokhlachev for Tigers - Stopped by David LeNeveu
Penalty Shot by Jonathan Marchessault for Admirals - Stopped by Andrew Hammond
Penalty Shot by Brandon Bollig for Tigers - Stopped by David LeNeveu
Penalty Shot by Jean-Gabriel Pageau for Admirals - Goal!
Penalty Shot by Jed Ortmeyer for Tigers - Stopped by David LeNeveu

Penalties :
No Penalty

Goalie Stats

Andrew Hammond (BRI), 29 saves from 30 shots - (0.967), OTL, 3-1-3, 65:00 minutes
David LeNeveu (NOR), 27 saves from 28 shots - (0.964), W, 2-0-0, 65:00 minutes

Players Stats for Tigers

Player Name              G  A  P  +/- PIM S  H  SB GA TA FO     MP     PP MP  PK MP  
------------------------------------------------------------------------------------
A.J. Gale                0  0  0  -1  0   0  0  1  0  0  1/2     9:44   0:00   0:00 
Adam Comrie              0  1  1   0  0   0  2  4  0  1  0/0    25:24   3:33   0:00 
Alexander Khokhlachev    0  0  0  -1  0   2  3  4  5  2  7/17   24:54   3:03   1:04 
Anthony Peluso           1  0  1   1  0   7  1  0  2  0  0/0    17:40   0:00   0:00 
Austin Levi              0  0  0   0  0   1  1  0  0  0  0/0    17:13   0:00   0:00 
Ben Blood                0  0  0   0  0   0  0  0  1  0  0/0    17:13   0:00   0:00 
Bracken Kearns           0  0  0   0  0   4  2  1  1  0  3/8    19:55   2:54   0:55 
Brandon Bollig           0  0  0   0  0   1  0  0  2  0  0/0    19:54   3:03   1:04 
Brandon DeFazio          0  0  0   1  0   0  1  2  1  0  0/0    18:55   0:00   0:00 
Carter Rowney            0  0  0   0  0   0  0  0  0  0  0/0     0:00   0:00   0:00 
Geoff Walker             0  0  0   0  0   0  0  0  0  0  0/0     0:00   0:00   0:00 
Harry Zolnierczyk        0  0  0   0  0   2  1  0  3  0  0/0    18:12   2:54   0:00 
Jed Ortmeyer             0  0  0  -1  0   4  1  0  1  0  0/0    21:02   3:03   0:55 
Kane Lafranchise         0  0  0   0  0   1  1  2  0  1  0/0    22:23   2:24   1:59 
Nolan Yonkman            0  0  0   0  2   0  0  1  1  1  0/0    25:45   3:33   0:00 
Toby Petersen            0  1  1   1  0   3  2  3  1  0  3/7    18:49   0:00   0:00 
Ty Rattie                0  0  0   0  0   3  1  0  0  2  2/2    18:34   2:54   0:00 
Will Weber               0  0  0   0  0   0  1  1  0  0  0/0    22:23   2:24   1:59 

Players Stats for Admirals

Player Name              G  A  P  +/- PIM S  H  SB GA TA FO     MP     PP MP  PK MP  
------------------------------------------------------------------------------------
Alex Grant               0  0  0   0  2   1  4  1  1  2  0/0    28:28   0:59   1:44 
Brayden Irwin            0  0  0   0  0   0  0  0  0  0  0/0     0:00   0:00   0:00 
Bryan Rodney             0  0  0   1  0   3  0  0  0  2  0/0    27:43   0:59   4:21 
Cade Fairchild           0  1  1  -1  0   1  5  2  0  1  0/0    26:32   1:00   3:20 
Carter Ashton            0  0  0   0  0   1  2  0  2  0  0/0    16:56   1:07   0:00 
Carter Camper            0  0  0   0  0   2  1  0  1  0  6/12   24:03   0:45   3:19 
Darryl Boyce             0  1  1   1  0   5  2  0  0  0  3/3    17:35   0:22   0:00 
Farm Player2             0  0  0   1  0   0  1  2  0  0  0/0    22:32   0:00   3:00 
Jean-Gabriel Pageau      0  0  0  -1  0   6  2  0  2  1  0/0    19:07   0:52   0:00 
Jerry D'Amigo            0  0  0  -1  0   1  0  0  3  1  0/0    16:56   0:52   0:52 
Jonathan Marchessault    0  0  0   0  0   5  1  1  2  1  4/6    24:07   0:52   3:34 
Maxime Langelier-Parent  0  0  0   0  0   0  0  0  0  0  0/0     1:19   0:00   0:00 
Mike Sislo               1  0  1   1  0   1  2  1  2  0  0/0    15:02   0:00   0:00 
Mike Zigomanis           0  0  0   0  0   0  3  0  2  0  4/9    20:00   1:07   0:52 
Nathan McIver            0  0  0  -1  2   0  1  0  0  0  0/0     9:13   0:00   0:00 
Ryan Bourque             0  0  0   0  0   4  0  0  0  0  3/6    18:41   0:00   1:46 
Scott Ford               0  0  0   0  2   0  0  0  0  1  0/0    25:16   1:00   1:00 
Sven Andrighetto         0  0  0   0  0   0  0  0  0  0  0/0     0:30   0:00   0:00 

3 Stars

1 - Andrew Hammond (BRI)
2 - David LeNeveu (NOR)
3 - Mike Sislo (NOR)

Power Play

Tigers - 0 on 3 Attempt(s) - 0.00%
Admirals - 0 on 1 Attempt(s) - 0.00%

Penalty Kill

Tigers - 1 on 1 Attempt(s) - 100.00% - Score 0 goal in Penalty Kill
Admirals - 3 on 3 Attempt(s) - 100.00% - Score 0 goal in Penalty Kill

Official

Referees : Unknown
Linesman : Unknown

Game Notes

No Game Note

Finance

Level 1 -- Attendance: 1609 (80.45%) -- Ticket Income $56,315
Level 2 -- Attendance: 699 (69.90%) -- Ticket Income $10,485
Total Attendance: 2308 (76.93%)
Total Ticket Income: $66,800
Other Income: $32,732
Total Income: $99,532

Tigers

5 vs 5 Forward 
   Center                   Left Wing                Right Wing               Time % Phy DF OF 
 1 Alexander Khokhlachev    Brandon Bollig           Jed Ortmeyer             35     1   2  2  
 2 Bracken Kearns           Harry Zolnierczyk        Ty Rattie                30     1   2  2  
 3 Toby Petersen            Brandon DeFazio          Anthony Peluso           22     1   2  2  
 4 Alexander Khokhlachev    A.J. Gale                Jed Ortmeyer             13     1   2  2  

5 vs 5 Defense 
   Defense                  Defense                                           Time % Phy DF OF 
 1 Adam Comrie              Nolan Yonkman                                     35     1   2  2  
 2 Kane Lafranchise         Will Weber                                        30     1   2  2  
 3 Ben Blood                Austin Levi                                       22     1   2  2  
 4 Adam Comrie              Nolan Yonkman                                     13     1   2  2  

PowerPlay Forward 
   Center                   Left Wing                Right Wing               Time % Phy DF OF 
 1 Alexander Khokhlachev    Brandon Bollig           Jed Ortmeyer             60     1   2  2  
 2 Bracken Kearns           Harry Zolnierczyk        Ty Rattie                40     1   2  2  

PowerPlay Defense
   Defense                  Defense                                           Time % Phy DF OF 
 1 Adam Comrie              Nolan Yonkman                                     60     1   2  2  
 2 Kane Lafranchise         Will Weber                                        40     1   2  2  

Penalty Kill 4 Players Forward 
   Center                   Wing                     Time % Phy DF OF 
 1 Alexander Khokhlachev    Brandon Bollig           60     1   2  2  
 2 Jed Ortmeyer             Bracken Kearns           40     1   2  2  

Penalty Kill 4 Players Defense
   Defense                  Defense                  Time % Phy DF OF 
 1 Adam Comrie              Nolan Yonkman            60     1   2  2  
 2 Kane Lafranchise         Will Weber               40     1   2  2  

Penalty Kill - 3 Players Forward 
   Forward                                           Time % Phy DF OF 
 1 Alexander Khokhlachev                             60     1   2  2  
 2 Brandon Bollig                                    40     1   2  2  

Penalty Kill - 3 Players Defense
   Defense                  Defense                  Time % Phy DF OF 
 1 Adam Comrie              Nolan Yonkman            60     1   2  2  
 2 Kane Lafranchise         Will Weber               40     1   2  2  

4 vs 4 Forward 
   Center                   Wing                     Time % Phy DF OF 
 1 Alexander Khokhlachev    Brandon Bollig           60     1   2  2  
 2 Jed Ortmeyer             Bracken Kearns           40     1   2  2  

4 vs 4 Defense
   Defense                  Defense                  Time % Phy DF OF 
 1 Adam Comrie              Nolan Yonkman            60     1   2  2  
 2 Kane Lafranchise         Will Weber               40     1   2  2  

Last Minutes Offensive
   Center                   Left Wing                Right Wing               Defense                  Defense                  
   Alexander Khokhlachev    Brandon Bollig           Jed Ortmeyer             Adam Comrie              Nolan Yonkman            

Last Minutes Defensive
   Center                   Left Wing                Right Wing               Defense                  Defense                  
   Alexander Khokhlachev    Brandon Bollig           Jed Ortmeyer             Adam Comrie              Nolan Yonkman            

Goaltenders
Starting : Andrew Hammond           
Backup : Allen York               

Extra Forwards
Normal : Toby Petersen, Brandon DeFazio, Anthony Peluso - PP : Toby Petersen, Brandon DeFazio - PK : Anthony Peluso
Extra Defensemen
Normal : Ben Blood, Austin Levi, Kane Lafranchise - PP : Ben Blood - PK : Austin Levi, Kane Lafranchise
Penalty Shots
Alexander Khokhlachev, Brandon Bollig, Jed Ortmeyer, Bracken Kearns, Ty Rattie

Admirals

5 vs 5 Forward 
   Center                   Left Wing                Right Wing               Time % Phy DF OF 
 1 Carter Camper            Jonathan Marchessault    Jerry D'Amigo            35     1   2  2  
 2 Mike Zigomanis           Jean-Gabriel Pageau      Carter Ashton            30     1   2  2  
 3 Carter Camper            Darryl Boyce             Mike Sislo               22     1   2  2  
 4 Ryan Bourque             Jonathan Marchessault    Jean-Gabriel Pageau      13     1   2  2  

5 vs 5 Defense 
   Defense                  Defense                                           Time % Phy DF OF 
 1 Alex Grant               Bryan Rodney                                      35     1   2  2  
 2 Cade Fairchild           Scott Ford                                        30     1   2  2  
 3 Alex Grant               Farm Player2                                      22     1   2  2  
 4 Alex Grant               Bryan Rodney                                      13     1   2  2  

PowerPlay Forward 
   Center                   Left Wing                Right Wing               Time % Phy DF OF 
 1 Jean-Gabriel Pageau      Jonathan Marchessault    Jerry D'Amigo            60     1   2  2  
 2 Mike Zigomanis           Carter Camper            Carter Ashton            40     1   2  2  

PowerPlay Defense
   Defense                  Defense                                           Time % Phy DF OF 
 1 Alex Grant               Bryan Rodney                                      60     1   2  2  
 2 Cade Fairchild           Scott Ford                                        40     1   2  2  

Penalty Kill 4 Players Forward 
   Center                   Wing                     Time % Phy DF OF 
 1 Jonathan Marchessault    Carter Camper            60     1   2  2  
 2 Mike Zigomanis           Jerry D'Amigo            40     1   2  2  

Penalty Kill 4 Players Defense
   Defense                  Defense                  Time % Phy DF OF 
 1 Alex Grant               Bryan Rodney             60     1   2  2  
 2 Cade Fairchild           Scott Ford               40     1   2  2  

Penalty Kill - 3 Players Forward 
   Forward                                           Time % Phy DF OF 
 1 Jonathan Marchessault                             60     1   2  2  
 2 Jerry D'Amigo                                     40     1   2  2  

Penalty Kill - 3 Players Defense
   Defense                  Defense                  Time % Phy DF OF 
 1 Alex Grant               Bryan Rodney             60     1   2  2  
 2 Cade Fairchild           Scott Ford               40     1   2  2  

4 vs 4 Forward 
   Center                   Wing                     Time % Phy DF OF 
 1 Jonathan Marchessault    Carter Camper            60     1   2  2  
 2 Mike Zigomanis           Jerry D'Amigo            40     1   2  2  

4 vs 4 Defense
   Defense                  Defense                  Time % Phy DF OF 
 1 Alex Grant               Bryan Rodney             60     1   2  2  
 2 Cade Fairchild           Scott Ford               40     1   2  2  

Last Minutes Offensive
   Center                   Left Wing                Right Wing               Defense                  Defense                  
   Jean-Gabriel Pageau      Jonathan Marchessault    Jerry D'Amigo            Alex Grant               Bryan Rodney             

Last Minutes Defensive
   Center                   Left Wing                Right Wing               Defense                  Defense                  
   Jean-Gabriel Pageau      Jonathan Marchessault    Jerry D'Amigo            Alex Grant               Bryan Rodney             

Goaltenders
Starting : David LeNeveu            
Backup : Brad Thiessen            

Extra Forwards
Normal : Carter Camper, Darryl Boyce, Ryan Bourque - PP : Carter Camper, Darryl Boyce - PK : Ryan Bourque
Extra Defensemen
Normal : Alex Grant, Farm Player2, Cade Fairchild - PP : Alex Grant - PK : Farm Player2, Cade Fairchild
Penalty Shots
Jonathan Marchessault, Jean-Gabriel Pageau, Mike Zigomanis, Jerry D'Amigo, Carter Camper

% Time on Ice - Tigers

Lines # - Real PCT - Wanted PCT - Time Play
Normal Forward
1 - 26% - 35% - 13:21
2 - 29% - 30% - 15:18
3 - 32% - 22% - 16:54
4 - 13% - 13% - 6:31
Normal Defense
1 - 32% - 35% - 16:30
2 - 30% - 30% - 15:47
3 - 33% - 22% - 17:13
4 - 5% - 13% - 2:34
PP Forward
1 - 51% - 60% - 3:03
2 - 49% - 40% - 2:54
PP Defense
1 - 60% - 60% - 3:33
2 - 40% - 40% - 2:24
PK Forward
1 - 54% - 60% - 1:04
2 - 46% - 40% - 0:55
PK Defense
1 - 0% - 60% - 0:00
2 - 100% - 40% - 1:59
PK3 Forward
1 - 0% - 60%
2 - 0% - 40%
PK3 Defense
1 - 0% - 60%
2 - 0% - 40%
44 Forward
1 - 99% - 60% - 4:57
2 - 1% - 40% - 0:03
44 Defense
1 - 56% - 60% - 2:47
2 - 44% - 40% - 2:13
Last Minute Offensive  - 0:00
Last Minute Defensive  - 0:00
Total
Forward - 65:00
Defense - 65:00

% Time on Ice - Admirals

Lines # - Real PCT - Wanted PCT - Time Play
Normal Forward
1 - 32% - 35% - 16:30
2 - 31% - 30% - 16:24
3 - 26% - 22% - 13:32
4 - 11% - 13% - 5:38
Normal Defense
1 - 38% - 35% - 19:38
2 - 40% - 30% - 20:41
3 - 14% - 22% - 7:30
4 - 8% - 13% - 4:15
PP Forward
1 - 44% - 60% - 0:52
2 - 56% - 40% - 1:07
PP Defense
1 - 50% - 60% - 0:59
2 - 50% - 40% - 1:00
PK Forward
1 - 85% - 60% - 5:05
2 - 15% - 40% - 0:52
PK Defense
1 - 50% - 60% - 2:58
2 - 50% - 40% - 2:59
PK3 Forward
1 - 0% - 60%
2 - 0% - 40%
PK3 Defense
1 - 0% - 60%
2 - 0% - 40%
44 Forward
1 - 100% - 60% - 5:00
2 - 0% - 40% - 0:00
44 Defense
1 - 61% - 60% - 3:04
2 - 39% - 40% - 1:56
Last Minute Offensive  - 0:00
Last Minute Defensive  - 0:00
Total
Forward - 65:00
Defense - 65:00

Play by Play

1st period


0:01 of 1st period - Alexander Khokhlachev wins face-off versus Carter Camper in neutral zone.
0:32 of 1st period - Slapshot by Jonathan Marchessault.
0:32 of 1st period - Shot Blocked by Adam Comrie.
0:34 of 1st period - Wrist shot by Carter Camper.
0:34 of 1st period - Shot Blocked by Adam Comrie.
0:36 of 1st period - Snap shot by Jerry D'Amigo.
0:36 of 1st period - Shot Misses the Net.
0:38 of 1st period - Slapshot by Jonathan Marchessault.
0:38 of 1st period - Shot Misses the Net.
0:56 of 1st period - Snap shot by Jean-Gabriel Pageau.
0:56 of 1st period - Shot Misses the Net.
0:58 of 1st period - Backhand shot by Scott Ford.
0:58 of 1st period - Shot Blocked by Alexander Khokhlachev.
1:00 of 1st period - Snap shot by Jean-Gabriel Pageau.
1:00 of 1st period - Stopped by Andrew Hammond without a rebound.
1:01 of 1st period - Mike Zigomanis wins face-off versus Bracken Kearns in Tigers zone.
1:08 of 1st period - Harry Zolnierczyk is hit by Cade Fairchild.
1:28 of 1st period - Mike Zigomanis is hit by Harry Zolnierczyk and loses puck.
1:35 of 1st period - Ty Rattie is hit by Jean-Gabriel Pageau and loses puck.
1:58 of 1st period - Toby Petersen is hit by Darryl Boyce and loses puck.
2:38 of 1st period - Slapshot by Jed Ortmeyer.
2:38 of 1st period - Stopped by David LeNeveu with a rebound.
2:40 of 1st period - Backhand shot by Alexander Khokhlachev.
2:40 of 1st period - Shot Misses the Net.
2:42 of 1st period - Slapshot by Nolan Yonkman.
2:42 of 1st period - Shot Blocked by Jonathan Marchessault.
2:44 of 1st period - Slapshot by Alexander Khokhlachev.
2:44 of 1st period - Stopped by David LeNeveu without a rebound.
2:45 of 1st period - Alexander Khokhlachev wins face-off versus Carter Camper in Admirals zone.
3:26 of 1st period - Wrist shot by Bracken Kearns.
3:26 of 1st period - Stopped by David LeNeveu with a rebound.
4:01 of 1st period - Minor Penalty to Nolan Yonkman for Slashing.
4:02 of 1st period - Mike Zigomanis wins face-off versus Alexander Khokhlachev in Tigers zone.
4:35 of 1st period - Brandon Bollig is hit by Cade Fairchild and loses puck.
6:01 of 1st period - Penalty to Nolan Yonkman is over, Nolan Yonkman is back on ice.
7:10 of 1st period - Snap shot by Darryl Boyce.
7:10 of 1st period - Stopped by Andrew Hammond without a rebound.
7:11 of 1st period - Carter Camper wins face-off versus Bracken Kearns in Tigers zone.
7:20 of 1st period - Wrist shot by Carter Camper.
7:20 of 1st period - Deflect By Darryl Boyce.
7:20 of 1st period - Shot Blocked by Adam Comrie.
7:20 of 1st period - Puck is out of play.
7:21 of 1st period - Carter Camper wins face-off versus Bracken Kearns in Tigers zone.
7:42 of 1st period - Slapshot by Harry Zolnierczyk.
7:42 of 1st period - Stopped by David LeNeveu with a rebound.
8:33 of 1st period - Minor Penalty to Nathan McIver for Interference.
8:34 of 1st period - Alexander Khokhlachev wins face-off versus Jonathan Marchessault in Admirals zone.
9:23 of 1st period - Slapshot by Cade Fairchild.
9:23 of 1st period - Shot Misses the Net.
9:29 of 1st period - Ryan Bourque is hit by Bracken Kearns and loses puck.
10:20 of 1st period - Slapshot by Bracken Kearns.
10:20 of 1st period - Shot Misses the Net.
10:33 of 1st period - Penalty to Nathan McIver is over, Nathan McIver is back on ice.
10:53 of 1st period - Austin Levi is hit by Alex Grant and loses puck.
11:13 of 1st period - Snap shot by Anthony Peluso.
11:13 of 1st period - Stopped by David LeNeveu with a rebound.
11:18 of 1st period - Snap shot by Austin Levi.
11:18 of 1st period - Stopped by David LeNeveu with a rebound.
11:22 of 1st period - Wrist shot by Toby Petersen.
11:22 of 1st period - Deflect By Anthony Peluso.
11:22 of 1st period - Shot Misses the Net.
11:22 of 1st period - Puck is out of play.
11:23 of 1st period - Ty Rattie wins face-off versus Carter Camper in Admirals zone.
11:26 of 1st period - Snap shot by Bracken Kearns.
11:26 of 1st period - Deflect By Ty Rattie.
11:26 of 1st period - Stopped by David LeNeveu without a rebound.
11:27 of 1st period - Bracken Kearns wins face-off versus Carter Camper in Admirals zone.
12:02 of 1st period - Slapshot by Mike Zigomanis.
12:02 of 1st period - Shot Blocked by Toby Petersen.
12:04 of 1st period - Slapshot by Scott Ford.
12:04 of 1st period - Deflect By Carter Ashton.
12:04 of 1st period - Stopped by Andrew Hammond with a rebound.
12:06 of 1st period - Wrist shot by Mike Zigomanis.
12:06 of 1st period - Shot Blocked by Brandon DeFazio.
12:14 of 1st period - Snap shot by Jean-Gabriel Pageau.
12:14 of 1st period - Stopped by Andrew Hammond with a rebound.
12:16 of 1st period - Snap shot by Mike Zigomanis.
12:16 of 1st period - Shot Misses the Net.
12:54 of 1st period - Wrist shot by Alexander Khokhlachev.
12:54 of 1st period - Deflect By Jed Ortmeyer.
12:54 of 1st period - Shot Hit the Post.
12:54 of 1st period - Puck is out of play.
12:55 of 1st period - Bracken Kearns wins face-off versus Carter Camper in Admirals zone.
13:00 of 1st period - Backhand shot by Harry Zolnierczyk.
13:00 of 1st period - Shot Blocked by Farm Player2.
13:02 of 1st period - Snap shot by Bracken Kearns.
13:02 of 1st period - Stopped by David LeNeveu with a rebound.
13:08 of 1st period - Wrist shot by Bracken Kearns.
13:08 of 1st period - Shot Blocked by Farm Player2.
13:43 of 1st period - Wrist shot by Jean-Gabriel Pageau.
13:43 of 1st period - Stopped by Andrew Hammond with a rebound.
14:38 of 1st period - Slapshot by Darryl Boyce.
14:38 of 1st period - Deflect By Mike Sislo.
14:38 of 1st period - Goal by Mike Sislo - Tigers : 0 - Admirals : 1.
14:39 of 1st period - Bracken Kearns wins face-off versus Mike Zigomanis in neutral zone.
14:49 of 1st period - Wrist shot by Harry Zolnierczyk.
14:49 of 1st period - Shot Misses the Net.
15:38 of 1st period - Darryl Boyce is hit by Brandon DeFazio.
15:51 of 1st period - Carter Camper is hit by Anthony Peluso and loses puck.
16:08 of 1st period - Bryan Rodney is hit by Alexander Khokhlachev and loses puck.
16:13 of 1st period - Snap shot by Jed Ortmeyer.
16:13 of 1st period - Stopped by David LeNeveu with a rebound.
17:17 of 1st period - Snap shot by Anthony Peluso.
17:17 of 1st period - Stopped by David LeNeveu with a rebound.
17:29 of 1st period - Toby Petersen is hit by Mike Sislo.
18:05 of 1st period - Snap shot by Darryl Boyce.
18:05 of 1st period - Shot Misses the Net.
Goals for this period are 0 for Tigers vs 1 for Admirals.
Shots for this period are 10 for Tigers vs 6 for Admirals.

2nd period


0:01 of 2nd period - Carter Camper wins face-off versus Alexander Khokhlachev in neutral zone.
0:51 of 2nd period - Adam Comrie is hit by Alex Grant.
2:17 of 2nd period - Jonathan Marchessault is hit by Alexander Khokhlachev.
2:45 of 2nd period - Harry Zolnierczyk is hit by Alex Grant.
3:08 of 2nd period - Off-side.
3:09 of 2nd period - Mike Zigomanis wins face-off versus Alexander Khokhlachev in neutral zone.
3:32 of 2nd period - Snap shot by Mike Sislo.
3:32 of 2nd period - Shot Blocked by Will Weber.
3:48 of 2nd period - Toby Petersen is hit by Cade Fairchild and loses puck.
3:59 of 2nd period - Wrist shot by Toby Petersen.
3:59 of 2nd period - Stopped by David LeNeveu with a rebound.
4:01 of 2nd period - Backhand shot by Brandon DeFazio.
4:01 of 2nd period - Deflect By Anthony Peluso.
4:01 of 2nd period - Shot Blocked by Cade Fairchild.
4:01 of 2nd period - Puck is out of play.
4:02 of 2nd period - Mike Zigomanis wins face-off versus Toby Petersen in Admirals zone.
4:27 of 2nd period - Toby Petersen is hit by Darryl Boyce and loses puck.
5:51 of 2nd period - Slapshot by Anthony Peluso.
5:51 of 2nd period - Shot Misses the Net.
5:53 of 2nd period - Wrist shot by Adam Comrie.
5:53 of 2nd period - Shot Misses the Net.
7:40 of 2nd period - Off-side.
7:41 of 2nd period - Toby Petersen wins face-off versus Ryan Bourque in neutral zone.
7:44 of 2nd period - Ryan Bourque is hit by Toby Petersen and loses puck.
8:53 of 2nd period - Wrist shot by Jed Ortmeyer.
8:53 of 2nd period - Deflect By A.J. Gale.
8:53 of 2nd period - Shot Misses the Net.
8:53 of 2nd period - Puck is out of play.
8:54 of 2nd period - Alexander Khokhlachev wins face-off versus Mike Zigomanis in Admirals zone.
9:26 of 2nd period - Kane Lafranchise is hit by Mike Zigomanis.
10:05 of 2nd period - Bryan Rodney is hit by Adam Comrie and loses puck.
10:18 of 2nd period - Wrist shot by Jonathan Marchessault.
10:18 of 2nd period - Stopped by Andrew Hammond without a rebound.
10:19 of 2nd period - Toby Petersen wins face-off versus Ryan Bourque in Tigers zone.
10:32 of 2nd period - Snap shot by Anthony Peluso.
10:32 of 2nd period - Shot Misses the Net.
10:58 of 2nd period - Wrist shot by Mike Sislo.
10:58 of 2nd period - Shot Blocked by Brandon DeFazio.
11:00 of 2nd period - Slapshot by Mike Sislo.
11:00 of 2nd period - Shot Misses the Net.
11:02 of 2nd period - Slapshot by Alex Grant.
11:02 of 2nd period - Shot Blocked by Toby Petersen.
11:04 of 2nd period - Slapshot by Alex Grant.
11:04 of 2nd period - Stopped by Andrew Hammond with a rebound.
11:26 of 2nd period - Wrist shot by Jonathan Marchessault.
11:26 of 2nd period - Shot Misses the Net.
11:36 of 2nd period - Mike Zigomanis is hit by Kane Lafranchise and loses puck.
11:47 of 2nd period - Snap shot by Mike Zigomanis.
11:47 of 2nd period - Shot Misses the Net.
11:49 of 2nd period - Slapshot by Scott Ford.
11:49 of 2nd period - Shot Misses the Net.
12:35 of 2nd period - Wrist shot by Jean-Gabriel Pageau.
12:35 of 2nd period - Shot Blocked by Toby Petersen.
13:00 of 2nd period - Snap shot by Jonathan Marchessault.
13:00 of 2nd period - Stopped by Andrew Hammond without a rebound.
13:01 of 2nd period - Jonathan Marchessault wins face-off versus Alexander Khokhlachev in Tigers zone.
13:30 of 2nd period - Wrist shot by Bracken Kearns.
13:30 of 2nd period - Shot Blocked by Mike Sislo.
14:04 of 2nd period - Snap shot by Anthony Peluso.
14:04 of 2nd period - Stopped by David LeNeveu with a rebound.
14:06 of 2nd period - Snap shot by Anthony Peluso.
14:06 of 2nd period - Stopped by David LeNeveu without a rebound.
14:07 of 2nd period - Ryan Bourque wins face-off versus Toby Petersen in Admirals zone.
14:07 of 2nd period - Ryan Bourque is hit by Toby Petersen.
14:51 of 2nd period - Ryan Bourque is hit by Bracken Kearns and loses puck.
15:34 of 2nd period - Bracken Kearns is hit by Mike Zigomanis and loses puck.
15:45 of 2nd period - Snap shot by Bracken Kearns.
15:45 of 2nd period - Stopped by David LeNeveu without a rebound.
15:46 of 2nd period - Darryl Boyce wins face-off versus Bracken Kearns in Admirals zone.
15:51 of 2nd period - Wrist shot by Ryan Bourque.
15:51 of 2nd period - Stopped by Andrew Hammond with a rebound.
15:55 of 2nd period - Snap shot by Jean-Gabriel Pageau.
15:55 of 2nd period - Shot Blocked by Bracken Kearns.
16:03 of 2nd period - Slapshot by Darryl Boyce.
16:03 of 2nd period - Deflect By Jed Ortmeyer.
16:03 of 2nd period - Stopped by Andrew Hammond with a rebound.
16:05 of 2nd period - Snap shot by Jean-Gabriel Pageau.
16:05 of 2nd period - Stopped by Andrew Hammond with a rebound.
16:49 of 2nd period - Off-side.
16:50 of 2nd period - A.J. Gale wins face-off versus Mike Zigomanis in neutral zone.
17:13 of 2nd period - Snap shot by Mike Sislo.
17:13 of 2nd period - Shot Misses the Net.
17:45 of 2nd period - Snap shot by Jean-Gabriel Pageau.
17:45 of 2nd period - Stopped by Andrew Hammond with a rebound.
18:03 of 2nd period - Nolan Yonkman is hit by Cade Fairchild and loses puck.
18:24 of 2nd period - Snap shot by Carter Camper.
18:24 of 2nd period - Deflect By Jerry D'Amigo.
18:24 of 2nd period - Stopped by Andrew Hammond with a rebound.
18:26 of 2nd period - Wrist shot by Carter Camper.
18:26 of 2nd period - Stopped by Andrew Hammond without a rebound.
18:27 of 2nd period - Carter Camper wins face-off versus Alexander Khokhlachev in Tigers zone.
19:33 of 2nd period - Austin Levi is hit by Nathan McIver and loses puck.
19:50 of 2nd period - Slapshot by Anthony Peluso.
19:50 of 2nd period - Goal by Anthony Peluso - Tigers : 1 - Admirals : 1.
19:51 of 2nd period - Ryan Bourque wins face-off versus Bracken Kearns in neutral zone.
Goals for this period are 1 for Tigers vs 0 for Admirals.
Shots for this period are 5 for Tigers vs 9 for Admirals.

3rd period


0:01 of 3rd period - Carter Camper wins face-off versus Alexander Khokhlachev in neutral zone.
0:08 of 3rd period - Minor Penalty to Alex Grant for Diving.
0:09 of 3rd period - Jonathan Marchessault wins face-off versus Alexander Khokhlachev in Admirals zone.
0:19 of 3rd period - Slapshot by Jonathan Marchessault.
0:19 of 3rd period - Shot Blocked by Alexander Khokhlachev.
1:18 of 3rd period - Snap shot by Jonathan Marchessault.
1:18 of 3rd period - Stopped by Andrew Hammond with a rebound.
1:45 of 3rd period - Wrist shot by Alexander Khokhlachev.
1:45 of 3rd period - Stopped by David LeNeveu with a rebound.
1:47 of 3rd period - Wrist shot by Jed Ortmeyer.
1:47 of 3rd period - Stopped by David LeNeveu with a rebound.
2:08 of 3rd period - Penalty to Alex Grant is over, Alex Grant is back on ice.
2:15 of 3rd period - Slapshot by Bracken Kearns.
2:15 of 3rd period - Stopped by David LeNeveu with a rebound.
3:12 of 3rd period - Off-side.
3:13 of 3rd period - Alexander Khokhlachev wins face-off versus Mike Zigomanis in neutral zone.
3:30 of 3rd period - Snap shot by Jed Ortmeyer.
3:30 of 3rd period - Stopped by David LeNeveu with a rebound.
3:32 of 3rd period - Wrist shot by Kane Lafranchise.
3:32 of 3rd period - Stopped by David LeNeveu with a rebound.
4:02 of 3rd period - Minor Penalty to Scott Ford for High sticking.
4:03 of 3rd period - Ty Rattie wins face-off versus Jonathan Marchessault in Admirals zone.
4:05 of 3rd period - Snap shot by Bracken Kearns.
4:05 of 3rd period - Shot Misses the Net.
4:53 of 3rd period - Kane Lafranchise is hit by Carter Camper and loses puck.
6:02 of 3rd period - Penalty to Scott Ford is over, Scott Ford is back on ice.
6:11 of 3rd period - Wrist shot by Anthony Peluso.
6:11 of 3rd period - Stopped by David LeNeveu with a rebound.
6:29 of 3rd period - Wrist shot by Anthony Peluso.
6:29 of 3rd period - Stopped by David LeNeveu without a rebound.
6:30 of 3rd period - Toby Petersen wins face-off versus Mike Zigomanis in Admirals zone.
6:41 of 3rd period - Toby Petersen is hit by Carter Ashton and loses puck.
7:15 of 3rd period - Backhand shot by Mike Sislo.
7:15 of 3rd period - Shot Misses the Net.
7:17 of 3rd period - Backhand shot by Cade Fairchild.
7:17 of 3rd period - Stopped by Andrew Hammond with a rebound.
7:19 of 3rd period - Wrist shot by Carter Camper.
7:19 of 3rd period - Shot Misses the Net.
7:31 of 3rd period - Mike Zigomanis is hit by Jed Ortmeyer and loses puck.
7:40 of 3rd period - Snap shot by Carter Ashton.
7:40 of 3rd period - Shot Blocked by A.J. Gale.
7:42 of 3rd period - Wrist shot by Jean-Gabriel Pageau.
7:42 of 3rd period - Shot Misses the Net.
8:02 of 3rd period - Ty Rattie is hit by Mike Sislo and loses puck.
8:31 of 3rd period - Ben Blood is hit by Jonathan Marchessault and loses puck.
8:36 of 3rd period - Snap shot by Jean-Gabriel Pageau.
8:36 of 3rd period - Shot Misses the Net.
9:17 of 3rd period - Slapshot by Toby Petersen.
9:17 of 3rd period - Stopped by David LeNeveu with a rebound.
9:31 of 3rd period - Snap shot by Darryl Boyce.
9:31 of 3rd period - Shot Hit the Post.
9:33 of 3rd period - Backhand shot by Bryan Rodney.
9:33 of 3rd period - Stopped by Andrew Hammond with a rebound.
9:35 of 3rd period - Slapshot by Carter Camper.
9:35 of 3rd period - Shot Misses the Net.
9:43 of 3rd period - Wrist shot by Mike Sislo.
9:43 of 3rd period - Shot Blocked by Kane Lafranchise.
9:54 of 3rd period - Off-side.
9:55 of 3rd period - Ryan Bourque wins face-off versus Alexander Khokhlachev in neutral zone.
10:20 of 3rd period - Alex Grant is hit by Alexander Khokhlachev and loses puck.
11:08 of 3rd period - Wrist shot by Mike Sislo.
11:08 of 3rd period - Deflect By Darryl Boyce.
11:08 of 3rd period - Shot Blocked by Alexander Khokhlachev.
11:08 of 3rd period - Puck is out of play.
11:09 of 3rd period - Darryl Boyce wins face-off versus Toby Petersen in Tigers zone.
12:21 of 3rd period - Wrist shot by Jean-Gabriel Pageau.
12:21 of 3rd period - Stopped by Andrew Hammond with a rebound.
12:23 of 3rd period - Snap shot by Darryl Boyce.
12:23 of 3rd period - Shot Blocked by Alexander Khokhlachev.
12:50 of 3rd period - Wrist shot by Darryl Boyce.
12:50 of 3rd period - Stopped by Andrew Hammond with a rebound.
13:06 of 3rd period - Harry Zolnierczyk is hit by Farm Player2 and loses puck.
14:42 of 3rd period - Wrist shot by Carter Ashton.
14:42 of 3rd period - Shot Blocked by Kane Lafranchise.
15:51 of 3rd period - Alex Grant is hit by Will Weber and loses puck.
15:58 of 3rd period - Wrist shot by Ryan Bourque.
15:58 of 3rd period - Stopped by Andrew Hammond with a rebound.
16:00 of 3rd period - Slapshot by Ryan Bourque.
16:00 of 3rd period - Stopped by Andrew Hammond with a rebound.
16:02 of 3rd period - Slapshot by Darryl Boyce.
16:02 of 3rd period - Stopped by Andrew Hammond with a rebound.
16:26 of 3rd period - Ty Rattie is hit by Carter Ashton.
16:30 of 3rd period - Jerry D'Amigo is hit by Ty Rattie and loses puck.
16:53 of 3rd period - Snap shot by Ty Rattie.
16:53 of 3rd period - Stopped by David LeNeveu with a rebound.
16:55 of 3rd period - Snap shot by Toby Petersen.
16:55 of 3rd period - Stopped by David LeNeveu with a rebound.
16:57 of 3rd period - Wrist shot by Ty Rattie.
16:57 of 3rd period - Shot Misses the Net.
16:59 of 3rd period - Wrist shot by Harry Zolnierczyk.
16:59 of 3rd period - Stopped by David LeNeveu without a rebound.
17:00 of 3rd period - Carter Camper wins face-off versus Toby Petersen in Admirals zone.
17:31 of 3rd period - Snap shot by Brandon Bollig.
17:31 of 3rd period - Shot Blocked by Alex Grant.
17:43 of 3rd period - Wrist shot by Brandon DeFazio.
17:43 of 3rd period - Shot Misses the Net.
18:18 of 3rd period - Alexander Khokhlachev is hit by Jean-Gabriel Pageau and loses puck.
18:40 of 3rd period - Brandon DeFazio is hit by Mike Zigomanis and loses puck.
18:50 of 3rd period - Brandon DeFazio is hit by Cade Fairchild and loses puck.
19:09 of 3rd period - Snap shot by Ty Rattie.
19:09 of 3rd period - Stopped by David LeNeveu without a rebound.
19:10 of 3rd period - Darryl Boyce wins face-off versus A.J. Gale in Admirals zone.
19:39 of 3rd period - Jean-Gabriel Pageau is hit by Austin Levi and loses puck.
Goals for this period are 0 for Tigers vs 0 for Admirals.
Shots for this period are 12 for Tigers vs 8 for Admirals.

Overtime #1


0:01 of 1st overtime period - Jonathan Marchessault wins face-off versus Alexander Khokhlachev in neutral zone.
0:06 of 1st overtime period - Slapshot by Carter Camper.
0:06 of 1st overtime period - Shot Misses the Net.
0:08 of 1st overtime period - Slapshot by Bryan Rodney.
0:08 of 1st overtime period - Stopped by Andrew Hammond with a rebound.
0:10 of 1st overtime period - Wrist shot by Carter Camper.
0:10 of 1st overtime period - Deflect By Jonathan Marchessault.
0:10 of 1st overtime period - Stopped by Andrew Hammond with a rebound.
0:12 of 1st overtime period - Slapshot by Carter Camper.
0:12 of 1st overtime period - Shot Misses the Net.
0:14 of 1st overtime period - Slapshot by Jonathan Marchessault.
0:14 of 1st overtime period - Shot Misses the Net.
0:16 of 1st overtime period - Slapshot by Carter Camper.
0:16 of 1st overtime period - Deflect By Jonathan Marchessault.
0:16 of 1st overtime period - Stopped by Andrew Hammond with a rebound.
0:18 of 1st overtime period - Wrist shot by Carter Camper.
0:18 of 1st overtime period - Shot Blocked by Adam Comrie.
0:20 of 1st overtime period - Slapshot by Carter Camper.
0:20 of 1st overtime period - Stopped by Andrew Hammond without a rebound.
0:21 of 1st overtime period - Jonathan Marchessault wins face-off versus Alexander Khokhlachev in Tigers zone.
1:05 of 1st overtime period - Snap shot by Brandon Bollig.
1:05 of 1st overtime period - Stopped by David LeNeveu with a rebound.
1:09 of 1st overtime period - Snap shot by Alexander Khokhlachev.
1:09 of 1st overtime period - Shot Misses the Net.
2:20 of 1st overtime period - Backhand shot by Darryl Boyce.
2:20 of 1st overtime period - Shot Blocked by Nolan Yonkman.
2:22 of 1st overtime period - Snap shot by Cade Fairchild.
2:22 of 1st overtime period - Deflect By Ryan Bourque.
2:22 of 1st overtime period - Stopped by Andrew Hammond with a rebound.
2:24 of 1st overtime period - Snap shot by Darryl Boyce.
2:24 of 1st overtime period - Stopped by Andrew Hammond with a rebound.
2:26 of 1st overtime period - Wrist shot by Ryan Bourque.
2:26 of 1st overtime period - Shot Misses the Net.
2:38 of 1st overtime period - Wrist shot by Ryan Bourque.
2:38 of 1st overtime period - Shot Misses the Net.
3:29 of 1st overtime period - Snap shot by Anthony Peluso.
3:29 of 1st overtime period - Shot Misses the Net.
3:31 of 1st overtime period - Slapshot by Kane Lafranchise.
3:31 of 1st overtime period - Deflect By Bracken Kearns.
3:31 of 1st overtime period - Shot Blocked by Cade Fairchild.
3:31 of 1st overtime period - Puck is out of play.
3:32 of 1st overtime period - Alexander Khokhlachev wins face-off versus Carter Camper in Admirals zone.
4:12 of 1st overtime period - Bryan Rodney is hit by Adam Comrie and loses puck.
4:20 of 1st overtime period - Slapshot by Bryan Rodney.
4:20 of 1st overtime period - Stopped by Andrew Hammond without a rebound.
4:21 of 1st overtime period - Alexander Khokhlachev wins face-off versus Ryan Bourque in Tigers zone.
4:42 of 1st overtime period - Kane Lafranchise is hit by Alex Grant and loses puck.
Goals for this period are 0 for Tigers vs 0 for Admirals.
Shots for this period are 1 for Tigers vs 7 for Admirals.

ShootOut


5:00 of 1st overtime period - Penalty Shot by Alexander Khokhlachev for Tigers.
5:00 of 1st overtime period - Snap shot by Alexander Khokhlachev.
5:00 of 1st overtime period - Stopped by David LeNeveu.
5:00 of 1st overtime period - Penalty Shot by Jonathan Marchessault for Admirals.
5:00 of 1st overtime period - Snap shot by Jonathan Marchessault.
5:00 of 1st overtime period - Stopped by Andrew Hammond.
5:00 of 1st overtime period - Penalty Shot by Brandon Bollig for Tigers.
5:00 of 1st overtime period - Backhand shot by Brandon Bollig.
5:00 of 1st overtime period - Stopped by David LeNeveu.
5:00 of 1st overtime period - Penalty Shot by Jean-Gabriel Pageau for Admirals.
5:00 of 1st overtime period - Backhand shot by Jean-Gabriel Pageau.
5:00 of 1st overtime period - Goal by Jean-Gabriel Pageau.
5:00 of 1st overtime period - Penalty Shot by Jed Ortmeyer for Tigers.
5:00 of 1st overtime period - Snap shot by Jed Ortmeyer.
5:00 of 1st overtime period - Stopped by David LeNeveu.


Output by the SimonT Hockey Simulator (STHS) for Eric Dolegowski -- Original Page W3C XHTML 1.0 Valid
Hockey Simulator - Hockey Simulation - Hockey Manager